 Dungeon Crawl Stone Soup version 0.23-a0-644-gb60d84b635 (webtiles) character file.

326 Napalmbreeze the Caller (level 6, 0/44 HPs)
             Began as a Barachi Summoner on Jan 2, 2019.
             Was an Initiate of Sif Muna.
             Slain by a quokka (5 damage)
             ... on level 4 of the Dungeon.
             The game lasted 00:09:22 (4644 turns).

Napalmbreeze the Caller (Barachi Summoner)          Turns: 4644, Time: 00:09:23

Health: 0/44       AC:  2    Str: 10    XL:     6   Next: 49%
Magic:  2/11       EV: 12    Int: 16    God:    Sif Muna [......]
Gold:   135        SH:  0    Dex: 13    Spells: 2/12 levels left

rFire    . . .     SeeInvis .   r - +1 spear (pierce)
rCold    . . .     Gourm    .   (no shield)
rNeg     . . .     Faith    .   a - +0 robe
rPois    .         Spirit   .   (no helmet)
rElec    .         Reflect  .   (no cloak)
rCorr    .         Harm     .   (no gloves)
MR       .....                  (no boots)
Stlth    ++........             (no amulet)
HPRegen  0.14/turn              (no ring)
MPRegen  0.12/turn              (no ring)

@: slow
A: +LOS, swims, slowness 1, strong legs 1
a: Hop, Renounce Religion


You were on level 4 of the Dungeon.
You worshipped Sif Muna.
Sif Muna was noncommittal.
You were hungry.

You visited 2 branches of the dungeon, and saw 5 of its levels.

You collected 135 gold pieces.

Inventory:

Hand Weapons
 b - a +2 short sword of electrocution
 m - a +1 dagger of venom
 r - a +1 spear of piercing (weapon)
Armour
 a - a +0 robe (worn)
 o - a +0 cloak
Jewellery
 n - an uncursed ring of protection from cold {unknown}
Wands
 t - a wand of scattershot (4)
 w - a wand of paralysis (6)
Scrolls
 d - 7 scrolls of identify {unknown}
 e - 2 scrolls of fog {unknown}
 f - a scroll of random uselessness {unknown}
 h - 2 scrolls of enchant armour {unknown}
 i - 5 scrolls of remove curse {unknown}
 l - 4 scrolls of teleportation {unknown}
Potions
 g - 2 potions of might
 j - 2 potions of magic {unknown}
 k - 2 potions of brilliance {unknown}
 p - 2 potions of agility {unknown}
 q - a potion of heal wounds {unknown}
 s - a potion of haste {unknown}
 u - a potion of berserk rage {unknown}
 v - a potion of resistance {unknown}
Comestibles
 c - 4 rations


   Skills:
 + Level 1.8 Fighting
 - Level 2.1 Dodging
 - Level 1.7 Stealth
 + Level 3.9 Spellcasting
 * Level 7.6 Summonings
 + Level 1.7 Ice Magic


You had 2 spell levels left.
You knew the following spells:

 Your Spells              Type           Power        Failure   Level  Hunger
a - Summon Small Mammal   Summ           ####         1%          1    None
d - Call Canine Familiar  Summ           ####....     2%          3    ###....
q - Summon Ice Beast      Ice/Summ       ###.....     26%         4    ####...
s - Call Imp              Summ           ####....     1%          2    ##.....

Your spell library contained the following spells:

 Spells                   Type           Power        Failure   Level  Hunger
 Summon Guardian Golem    Hex/Summ       ###.....     11%         3    ###....
 Summon Lightning Spire   Summ/Air       ###.....     34%         4    ####...


Dungeon Overview and Level Annotations

Branches:
Dungeon (4/15)             Temple (1/1) D:4

Altars:
Ashenzari
Cheibriados
Dithmenos
Elyvilon
Fedhas
Gozag
Hepliaklqana
Kikubaaqudgha
Makhleb
Nemelex Xobeh
Okawaru
Qazlal
Ru
Sif Muna
Trog
Uskayaw
Vehumet
Wu Jian
Xom
Yredelemnul
Zin

Shops:
D:4 :[


Innate Abilities, Weirdness & Mutations

Shadows flee at your approach. (+LOS)
You can swim through water.
You cover ground slowly.
You can hop short distances.


Message History

* * * LOW HITPOINT WARNING * * *
Casting: Call Imp (safe; 1% risk of failure)
Confirm with . or Enter, or press ? or * to list all spells.
Your crimson imp disappears in a puff of smoke!
The gnoll barely misses you. The quokka bites you.
* * * LOW HITPOINT WARNING * * *
Your hound bites the gnoll.
Your crimson imp blinks!
The gnoll hits your hound with a +0 club.
Your hound bites the gnoll.
Your hound barely misses the gnoll.
The gnoll hits your hound with a +0 club!
The quokka closely misses you.
Your hound misses the gnoll.
Your hound closely misses the gnoll.
The gnoll hits your hound with a +0 club.
Your hound bites the gnoll.
The gnoll dies!
Sif Muna accepts your kill.
Your hound bites the gnoll.
The gnoll barely misses you. The quokka bites you.
You die...

#.........###
....
###.....##
... ##...##
.. #.h.# .
#...# #.gg#
#.g.# #.r.#
#.@.# #..##
#..# ####
#..#
#..###..##
##.......#
#........#
##........##
#..........##


You could see 3 gnolls, a quokka and a friendly hound.

Vanquished Creatures
  A phantom (D:4)
  Crazy Yiuf (D:2)
  Terence (D:2)
  4 adders
  An ooze (D:2)
  An adder skeleton (D:4)
  A worm (D:2)
  A leopard gecko (D:2)
  9 orcs
  2 ball pythons
  5 bats
  A giant cockroach (D:2)
  5 goblins
  3 hobgoblins
  4 kobolds
  2 quokkas (D:4)
  A frilled lizard (D:1)
  5 rats
48 creatures vanquished.

Vanquished Creatures (collateral kills)
  A scorpion (D:4)
  A howler monkey (D:4)
  An orc wizard (D:4)
  A gnoll (D:4)
  5 adders
  A worm (D:2)
  2 orcs (D:4)
  2 bats
  2 giant cockroaches
  2 goblins (D:1)
  3 hobgoblins (D:1)
  4 jackals (D:1)
  4 frilled lizards
  A jackal zombie (D:4)
  3 kobolds
  A rat (D:1)
34 creatures vanquished.

Grand Total: 82 creatures vanquished

Notes
Turn   | Place    | Note
-------+----------+-------------------------------------------
     0 | D:1      | Napalmbreeze the Barachi Summoner began the quest for the
                  | Orb.
     0 | D:1      | Reached XP level 1. HP: 13/13 MP: 3/3
   317 | D:1      | Reached skill level 5 in Summonings
   515 | D:1      | Reached XP level 2. HP: 15/19 MP: 3/5
  1072 | D:1      | Learned a level 2 spell: Call Imp
  1358 | D:2      | Reached XP level 3. HP: 22/24 MP: 4/7
  1387 | D:2      | Noticed Terence
  1429 | D:2      | Killed Terence
  1437 | D:2      | Reached skill level 6 in Summonings
  1700 | D:2      | Reached XP level 4. HP: 30/30 MP: 5/8
  1714 | D:2      | Learned a level 3 spell: Call Canine Familiar
  2097 | D:2      | Found a runed door.
  2103 | D:2      | Noticed Crazy Yiuf
  2135 | D:2      | Killed Crazy Yiuf
  2582 | D:3      | Reached XP level 5. HP: 35/35 MP: 4/10
  2929 | D:3      | Found a blossoming altar of Fedhas.
  3456 | D:3      | Learned a level 4 spell: Summon Ice Beast
  3465 | D:4      | Found Yqasusk's Antique Armour Shoppe.
  3490 | D:4      | Found Vubeylob's Book Shoppe.
  3539 | D:4      | Found a staircase to the Ecumenical Temple.
  3548 | D:4      | Reached skill level 7 in Summonings
  3555 | Temple   | Entered the Ecumenical Temple
  3616 | Temple   | Became a worshipper of Sif Muna the Loreminder
  4094 | D:4      | Reached skill level 1 in Fighting
  4094 | D:4      | Reached skill level 1 in Ice Magic
  4268 | D:4      | Reached XP level 6. HP: 41/43 MP: 9/11
  4405 | D:4      | Noticed a phantom
  4421 | D:4      | Killed a phantom
  4644 | D:4      | Slain by a quokka

Vault maps used:
D:1:      dpeg_arrival_morbid_curiosity
D:2:      uniq_crazy_yiuf_cottage, uniq_terence
D:3:      fedhas_altar_2
D:4:      minmay_temple_entry_arrows, serial_shops, shop, shop,
          kennysheep_path_1
Temple:   roderic_octagonal_lattice_temple

Skill      XL: |  1  2  3  4  5 |
---------------+----------------+-----
Summonings     | 5 6 7 |  7.6
Spellcasting   | 3 |  3.9
Fighting       | 1 |  1.8
Ice Magic      | 1 |  1.7
Dodging        | |  2.1
Stealth        | |  1.7

Action                   |  1- 3 |  4- 6 || total
-------------------------+-------+-------++-------
Melee: Unarmed           |    45 |       ||    45
       Short sword       |    33 |    60 ||    93
       Spear             |       |    57 ||    57
 Cast: Summon Small Mamm |    18 |     4 ||    22
       Call Imp          |    10 |    15 ||    25
       Call Canine Famil |       |    19 ||    19
  Use: Potion            |       |     1 ||     1
 Stab: Sleeping          |     2 |     2 ||     4
       Distracted        |     1 |     1 ||     2
  Eat: Chunk             |     4 |    12 ||    16
Armor: Robe              |    18 |    21 ||    39
Dodge: Dodged            |    55 |    59 ||   114

Table legend:
 A = Non-vault XP
 B = Vault XP
 C = Vault XP percentage of total XP
 D = Non-vault monster count
 E = Vault monster count
 F = Vault count percentage of total count
                 A         B        C        D         E       F
            +---------+---------+-------+---------+---------+-------
      Total |     412 |      55 |  11.8 |      76 |       6 |   7.3
            +---------+---------+-------+---------+---------+-------
        D:1 |      15 |       4 |  21.1 |      14 |       4 |  22.2
        D:2 |      72 |      51 |  41.5 |      24 |       2 |   7.7
        D:3 |      53 |       0 |   0.0 |      17 |       0 |   0.0
        D:4 |     272 |       0 |   0.0 |      21 |       0 |   0.0
            +---------+---------+-------+---------+---------+-------
